Map: Acropolis LE

Players

Djorn - Winner!

  • Race: Protoss Protoss
  • Spawn Location: 11:00

A.I. 1 (Hard)

  • Race: Terran Terran
  • Spawn Location: 5:00

VOD

Have the link to the VOD?

Description

Time

  • Played on: Aug. 23, 2019, 7:41 p.m.
  • Length: 14:12
Show
View Real Time Build Order
Export as new Build Order

Djorn Protoss - Winner!

Build Orders: Chargelot Immortal 

Get SALT Encoding   

  12  0:02  Probe  
  13  0:16  Probe  
  14  0:23  Pylon  
  14  0:28  Probe  
  15  0:41  Probe  
  16  0:46  Gateway  
  16  0:52  Probe  
  16  0:56  Assimilator  
  17  1:00  Probe  
  17  1:08  Probe  
  19  1:20  Probe  
  20  1:29  Assimilator  
  20  1:32  Probe  
  21  1:39  Pylon  
  21  1:45  Cybernetics Core  
  21  2:01  Gateway  
  21  2:13  Probe  
  21  2:14  Adept  
  24  2:31  Warp Gate  
  24  2:48  Robotics Facility  
  24  2:49  Adept  
  26  3:03  Adept  
  26  3:05  Nexus  
  28  3:11  Probe  
  29  3:24  Probe  
  30  3:36  Probe  
  30  3:37  Pylon  
  31  3:47  Pylon  
  31  3:52  Immortal  
  31  3:55  Adept  
  37  4:17  Probe  
  38  4:19  Probe  
  39  4:29  Probe  
  39  4:31  Probe  
  41  4:32  Immortal  
  45  4:39  Twilight Council  
  45  4:43  Probe  
  46  4:47  Pylon  
  42  4:55  Probe  
  42  4:57  Assimilator  
  42  4:59  Zealot x2  
  45  5:02  Warp Prism  
  45  5:07  Charge  
  47  5:28  Zealot  
  47  5:29  Zealot  
  51  5:39  Probe  
  52  5:51  Immortal, Probe  
  57  6:03  Probe  
  58  6:10  Gateway  
  58  6:11  Gateway  
  58  6:13  Gateway  
  58  6:15  Probe  
  59  6:28  Probe  
  59  6:29  Adept  
  59  6:30  Immortal  
  59  6:32  Stalker  
  68  6:37  Resonating Glaives  
  44  6:54  Zealot  
  46  7:09  Zealot x4  
  46  7:13  Forge  
  50  7:15  Forge  
  50  7:17  Immortal  
  54  7:41  Zealot x4  
  62  7:45  Adept  
  62  7:49  Protoss Ground Weapons Level 1  
  62  7:51  Protoss Ground Armor Level 1  
  64  7:56  Immortal  
  68  8:04  Stalker  
  70  8:17  Pylon  
  70  8:22  Pylon  
  70  8:26  Pylon  
  60  8:56  Blink  
  60  9:00  Stalker x2  
  60  9:01  Stalker x3  
  70  9:16  Warp Prism  
  72  9:46  Zealot x5  
  70  10:30  Zealot  
  70  10:31  Zealot  
  70  10:34  Zealot  
  54  11:10  Stalker x4  
  54  11:11  Stalker  
  60  11:34  Zealot x2  
  60  11:35  Zealot x2  
  68  11:46  Immortal  
  70  12:05  Stalker x4  
  70  12:06  Stalker  
  78  12:25  Immortal  
  78  12:41  Zealot x3  
  78  12:42  Zealot x2  
  86  13:05  Immortal  
  90  13:25  Zealot x2  
  94  13:36  Pylon  
  94  13:38  Pylon  
  94  13:39  Pylon  
Show
View Real Time Build Order
Export as new Build Order

A.I. 1 (Hard) Terran 

Build Orders:  

Get SALT Encoding   

  12  0:00  SCV  
  13  0:13  SCV  
  14  0:17  Supply Depot  
  14  0:25  SCV  
  15  0:39  SCV  
  16  0:43  Barracks  
  16  0:49  Refinery  
  16  0:51  SCV  
  17  1:03  SCV  
  18  1:15  SCV  
  19  1:20  Supply Depot  
  19  1:30  SCV  
  19  1:31  Marine  
  21  1:42  Orbital Command  
  21  1:50  Barracks Tech Lab, Supply Depot  
  21  2:00  Barracks  
  21  2:08  Marine  
  22  2:19  SCV  
  23  2:26  Marine  
  23  2:27  Refinery  
  24  2:31  SCV  
  24  2:34  Supply Depot  
  25  2:43  Engineering Bay, SCV  
  25  2:44  Marine  
  26  2:47  Marine  
  28  2:55  SCV  
  29  3:02  Marine  
  29  3:04  Marine  
  31  3:07  SCV  
  32  3:19  SCV  
  33  3:20  Marauder  
  37  3:41  Marauder  
  37  4:04  Barracks Tech Lab  
  37  4:05  Marauder, Stimpack, Terran Infantry Weapons Level 1  
  37  4:06  Factory  
  37  4:09  Supply Depot  
  39  4:15  Missile Turret  
  39  4:20  Missile Turret  
  39  4:22  Combat Shield  
  39  4:26  Marine  
  39  4:28  Marauder  
  42  4:39  Bunker  
  42  4:44  Marauder  
  44  4:49  Marauder  
  44  4:50  Factory Tech Lab  
  42  5:05  Marine  
  42  5:06  Factory  
  43  5:10  Reaper  
  44  5:22  Barracks  
  44  5:23  Marine  
  44  5:28  Command Center  
  45  5:41  Concussive Shells, Reaper  
  45  5:42  Marine  
  46  5:49  Starport  
  47  5:51  Supply Depot  
  47  5:52  Factory Tech Lab  
  47  6:00  Marine  
  48  6:10  Terran Infantry Armor Level 1  
  48  6:25  Starport Tech Lab  
  48  6:34  Reaper  
  43  6:40  SCV  
  43  6:41  Marauder  
  43  6:42  SCV  
  43  6:46  Raven  
  47  6:48  Reaper  
  47  6:49  Missile Turret  
  47  6:52  SCV  
  50  6:54  SCV  
  50  6:56  Missile Turret  
  50  6:58  Refinery  
  50  7:00  Refinery  
  50  7:03  Marauder  
  50  7:04  SCV  
  50  7:06  Marauder, SCV  
  56  7:15  Bunker  
  55  7:17  SCV  
  55  7:18  SCV  
  55  7:20  Marine  
  58  7:29  Raven, SCV  
  61  7:30  SCV  
  61  7:36  Sensor Tower  
  62  7:41  SCV  
  62  7:42  Armory, SCV  
  64  7:46  Barracks Reactor  
  64  7:53  SCV  
  64  7:54  SCV  
  66  8:04  Marine  
  66  8:05  SCV  
  68  8:07  Marine  
  68  8:08  Starport  
  68  8:10  Supply Depot  
  68  8:12  Medivac  
  71  8:22  Marine  
  71  8:23  Marine  
  71  8:25  Marine  
  74  8:32  SCV, Marine  
  74  8:33  Supply Depot  
  74  8:36  SCV  
  74  8:40  Marine  
  63  8:42  Medivac  
  63  8:43  Marine, Reaper  
  63  8:44  Medivac  
  62  8:49  Marine  
  63  8:57  Marine  
  63  9:01  Marine  
  65  9:06  Command Center  
  65  9:07  Marine  
  66  9:11  Raven  
  66  9:14  Marine  
  66  9:15  Starport Tech Lab, Marine  
  70  9:19  Marine  
  71  9:25  Reaper  
  71  9:27  Ghost Academy  
  72  9:32  SCV, Marine  
  72  9:34  Marauder  
  72  9:37  Marauder  
  78  9:38  Supply Depot  
  78  9:42  Terran Infantry Weapons Level 2  
  78  9:55  Marauder  
  78  9:59  Marauder  
  82  10:06  Terran Vehicle Weapons Level 1  
  82  10:10  Engineering Bay  
  82  10:15  Ghost  
  82  10:19  SCV  
  82  10:20  Marauder, SCV  
  88  10:22  SCV  
  88  10:27  Marine  
  88  10:31  SCV, Marine  
  88  10:35  Terran Infantry Armor Level 2  
  78  10:36  Missile Turret  
  78  10:41  Marine  
  70  10:44  Missile Turret, Marine  
  70  10:45  Marine  
  70  10:46  Refinery  
  70  10:49  Marine  
  68  10:50  Raven  
  68  10:59  Marine  
  68  11:02  Marine  
  68  11:03  Marine  
  69  11:06  Refinery, Marine  
  69  11:09  Raven  
  66  11:16  Marine  
  66  11:20  Marauder  
  66  11:21  Marine  
  66  11:24  Marine  
  62  11:33  Raven  
  62  11:34  Marine  
  62  11:39  Reaper  
  63  11:41  Marine  
  63  11:42  Marine  
  64  11:52  Marine  
  57  11:59  Marine  
  57  12:00  Marine  
  43  12:10  Marine x2  
  43  12:13  SCV  
  43  12:14  SCV  
  39  12:17  Marauder  
  39  12:18  Marine  
  40  12:25  SCV  
  40  12:28  Marine x2  
  42  12:35  Marine  
  33  12:38  Marine  
  31  12:45  Marine  
  31  12:46  Marine  
  29  12:57  Marauder  
  23  13:04  Marauder  
  18  13:09  SCV  
  8  13:18  Marauder  
  7  13:21  SCV  
  6  13:33  SCV  
  7  13:37  Command Center  
Tags
 
Matchup
PvT
Replay Pack
sc2replays
Spawn Locations
Cross Positions
Add a new tag
Caveats
  • Supply blocks, unpowered buildings, or Contaminate may cause inaccurate times.
  • Supply counts are checked every 10 seconds.